AoeStats
← Reinhardlunsen

Fortress

508478235Analyzed
4v4 RM · 9d ago on Sep 22, 2026· 51m 26s· 8 players
Game mode
Random Map
Map size
Huge
Population
200
Speed
Normal
Resources
Standard
Victory
Conquest
Starting age
Dark Age
Ending age
Imperial Age
RankedLock teamsTeams togetherTeam positionsShared explorationLock speedFull tech treeHidden civsTurbo modeCheats
Victory
Defeat
🇳🇱 Koreans · Netherlands
1672
+13
🇧🇷 Goths · Brazil
1593
+16
🇨🇳 Mongols · China
1565
+17
🇩🇪 Danes · Germany
1564
+17
🇹🇷 Saxons · Türkiye
1618
-17
🇹🇷 Danes · Türkiye
1610
-16
🇹🇷 Varangians · Türkiye
1585
-15
🇦🇹 Georgians · Austria
1582
-15
AntiMetaist
6:42 Feudal Age
6:55 Feudal Age
11:26 Castle Age
9:40 Double-Bit Axe
9:36 Horse Collar
12:40 Bow Saw
20:51 Heavy Plow
21:29 Wheelbarrow
25:11 Imperial Age
23:02 Gold Mining
23:04 Stone Mining
24:11 Scale Barding Armor
25:31 Chain Barding Armor
25:27 Bloodlines
25:19 Husbandry
26:14 Conscription
26:10 Forging
26:49 Plate Barding Armor
28:40 Hand Cart
28:18 Loom
29:26 Elite Monaspa
31:13 Iron Casting
34:24 Blast Furnace
34:16 Masonry
35:29 Architecture
35:15 Fortified Wall
36:08 Chemistry
37:49 Caravan
38:48 Light Cavalry
45:34 Guard Tower
45:30 Arrowslits
45:36 Fletching
46:24 Svan Towers
46:29 Bodkin Arrow
47:12 Keep
47:05 Ballistics
48:05 Bracer
Kuş Bilge
8:29 Feudal Age
9:13 Double-Bit Axe
9:36 Horse Collar
12:10 Castle Age
13:43 Bow Saw
14:40 Heavy Plow
19:35 Wheelbarrow
21:14 Gold Mining
21:28 Stone Mining
22:21 Hand Cart
25:58 Imperial Age
24:15 Scale Mail Armor
24:26 Forging
24:18 Squires
24:04 Arson
27:16 Gold Shaft Mining
26:27 Loom
28:01 Chemistry
26:43 Shield Wall
28:03 Chain Mail Armor
28:24 Iron Casting
28:17 Conscription
27:23 Elite Hearth Troop
29:23 Two-Man Saw
30:18 Plate Mail Armor
31:18 Heavy Scorpion
34:00 Treadmill Crane
36:56 Siege Engineers
41:38 Coinage
41:09 Caravan
41:50 Ballistics
49:20 Elite Varangian Guard
Sekov
7:40 Feudal Age
11:40 Castle Age
10:10 Double-Bit Axe
10:06 Horse Collar
12:40 Bow Saw
12:31 Heavy Plow
14:55 Loom
17:29 Wheelbarrow
20:03 Hand Cart
21:11 Gold Mining
25:46 Imperial Age
23:37 Scale Barding Armor
23:25 Stone Mining
24:13 Forging
24:17 Bloodlines
24:29 Husbandry
25:25 Chain Barding Armor
25:14 Vendel Legacy
27:16 Plate Barding Armor
27:03 Conscription
27:45 Two-Man Saw
27:14 Gothikon
28:11 Elite Jarl
29:45 Iron Casting
28:37 Light Cavalry
31:33 Blast Furnace
32:12 Fletching
32:57 Cranequins
34:42 Chemistry
33:33 Heated Shot
34:04 Ballistics
33:17 Heavy Mounted Crossbowman
34:28 Bodkin Arrow
35:19 Bracer
35:20 Padded Archer Armor
35:45 Heavy Mounted Crossbowman
37:08 Ballistics
37:58 Leather Archer Armor
38:50 Chemistry
38:32 Elite Skirmisher
40:31 Ring Archer Armor
45:22 Scale Mail Armor
45:24 Squires
47:34 Chain Mail Armor
47:06 Gambesons
47:25 Capped Ram
49:43 Plate Mail Armor
49:02 Town Watch
50:53 Caravan
USTA
6:54 Feudal Age
10:32 Castle Age
8:47 Double-Bit Axe
8:58 Horse Collar
12:07 Bow Saw
16:44 Heavy Plow
18:44 Wheelbarrow
18:42 Squires
18:55 Loom
19:20 Scale Mail Armor
20:11 Forging
20:01 Town Watch
20:12 Gold Mining
21:11 Chain Mail Armor
24:51 Imperial Age
23:35 Iron Casting
24:33 Hamask
25:11 Fletching
26:22 Plate Mail Armor
26:27 Fletching
27:08 Conscription
27:58 Bodkin Arrow
30:33 Bracer
31:18 Elite Jomsviking
33:45 Blast Furnace
34:51 Caravan
35:52 Arson
37:01 Hoardings
39:57 Pikeman
41:40 Onager
49:45 Siege Engineers
50:42 Chemistry
veni
7:52 Feudal Age
9:01 Double-Bit Axe
9:16 Gold Mining
11:58 Castle Age
10:54 Horse Collar
12:56 Bow Saw
18:03 Fletching
19:07 Wheelbarrow
20:13 Hand Cart
21:13 Bodkin Arrow
22:43 Ballistics
27:11 Imperial Age
26:06 Thumb Ring
27:29 Masonry
28:11 Conscription
27:52 Bracer
28:54 Chemistry
29:08 Two-Man Saw
28:08 Heavy Plow
28:51 Conscription
28:58 Elite War Wagon
32:29 Masonry
34:37 Loom
35:54 Architecture
36:45 Siege Engineers
38:04 Shinkichon
38:35 Heavy Rocket Cart
41:04 Caravan
42:32 Guilds
Reinhardlunsen
7:08 Feudal Age
10:56 Castle Age
9:07 Double-Bit Axe
9:18 Horse Collar
12:29 Bow Saw
18:41 Heavy Plow
19:47 Wheelbarrow
18:58 Loom
20:06 Gold Mining
21:09 Hand Cart
25:31 Imperial Age
24:14 Scale Mail Armor
24:24 Forging
24:20 Squires
25:14 Caravan
26:27 Chain Mail Armor
26:48 Iron Casting
25:42 Elite Varangian Guard
26:19 Capped Ram
27:49 Plate Mail Armor
28:05 Stone Mining
30:01 Siege Ram
31:10 Conscription
32:36 Blast Furnace
33:52 Pikeman
35:00 Halberdier
37:56 Chemistry
37:21 Ballistics
37:13 Northmen's Fury
38:13 Heavy Scorpion
40:15 Siege Engineers
40:39 Fletching
41:02 Arson
44:36 Bodkin Arrow
44:52 Masonry
44:08 Hamask
46:06 Bracer
46:14 Onager
47:38 Siege Onager
51:29 Murder Holes
SS_Riok23
7:12 Feudal Age
11:28 Castle Age
9:51 Loom
9:55 Double-Bit Axe
16:54 Horse Collar
18:48 Heavy Plow
20:54 Bow Saw
21:07 Gold Mining
21:07 Stone Mining
22:49 Wheelbarrow
25:25 Imperial Age
24:05 Scale Mail Armor
24:28 Anarchy
25:19 Chain Mail Armor
25:13 Squires
26:01 Hand Cart
25:56 Caravan
26:19 Forging
25:38 Pikeman
27:31 Crop Rotation
27:23 Elite Huskarl
28:10 Halberdier
29:50 Iron Casting
31:39 Blast Furnace
30:20 Man-at-Arms
33:33 Long Swordsman
35:00 Two-Handed Swordsman
36:55 Champion
38:55 Perfusion
41:41 Chemistry
41:02 Ballistics
49:55 Two-Man Saw
Bz_青红
6:22 Feudal Age
7:16 Double-Bit Axe
7:13 Horse Collar
12:47 Castle Age
11:55 Loom
15:40 Bow Saw
15:48 Heavy Plow
20:13 Wheelbarrow
24:03 Imperial Age
21:29 Gold Mining
22:14 Fletching
22:59 Bodkin Arrow
24:04 Padded Archer Armor
24:08 Elite Mangudai
25:19 Bracer
26:08 Conscription
27:03 Chemistry
27:26 Ballistics
27:20 Bloodlines
27:11 Husbandry
27:33 Leather Archer Armor
28:14 Parthian Tactics
30:32 Capped Ram
32:15 Siege Ram
34:00 Drill
33:59 Caravan
34:16 Hand Cart
40:34 Thumb Ring
40:43 Fortified Wall
43:18 Coinage
51:05 Nomads
Connection lost

Rejoining the realm…

Still unreachable

The connection could not be restored.

Session expired

The server has moved on; the page needs a fresh start.